 Dungeon Sprint DCSS version 0.18.1-6-gd335043 (webtiles) character file.

2016 Hipnos the Grappler (level 9, 0/129 HPs)
             Began as a Mottled Draconian Transmuter on May 20, 2016.
             Was a Believer of Sif Muna.
             Slain by a demonic crawler (5 damage)
             ... in the Dungeon (Sprint I: "Red Sonja").
             The game lasted 00:10:18 (1276 turns).

Hipnos the Grappler (Mottled Draconian Transmuter)  Turns: 1276, Time: 00:10:18

Health: 0/129      AC:  6    Str: 20    XL:     9   Next: 3%
Magic:  17/20      EV: 14    Int: 13    God:    Sif Muna [**....]
Gold:   416        SH:  0    Dex: 13    Spells: 4 memorised, 13 levels left

rFire  x . .     SeeInvis .       - Unarmed
rCold  + + +     Gourm    .     (armour unavailable)
rNeg   . . .     Faith    .     (shield currently unavailable)
rPois  +         Spirit   .     (helmet currently unavailable)
rElec  .         Dismiss  .     (cloak currently unavailable)
rCorr  .         Reflect  .     (gloves currently unavailable)
SustAt .         Harm     .     (boots currently unavailable)
MR     .....     NoTele   +     (no amulet)
Stlth  ..........               (no ring)
                                (no ring)

@: berserking, ice-form, very quick, not resistant to hostile enchantments,
extremely unstealthy
A: (breathe sticky flame splash), unfitting armour, (cold-blooded), AC +7
a: End Transformation, Channel Energy, Renounce Religion


You were in the Dungeon.
You worshipped Sif Muna.
Sif Muna was pleased with you.
You were not hungry.
You were a creature of crystalline ice.
You visited 1 branch You collected 625 gold pieces.
You spent 209 gold pieces at shops.

Inventory:

Missiles
 a - 6 arrows
Armour
 e - the cursed +0 pair of boots "Hoaw" (melded) {Int+3 Dex+2}
   (You bought it in a shop in the Dungeon)

   It affects your intelligence (+3).
   It affects your dexterity (+2).
   It has a curse placed upon it.
 j - a +0 cloak (melded)
Scrolls
 d - a scroll of blinking
 i - a scroll of remove curse {unknown}
Potions
 f - a potion of haste
 g - a potion of magic
Books
 b - a book of Changes

   Spells                             Type                      Level
   a - Beastly Appendage              Transmutation                1
   b - Sticks to Snakes               Transmutation                2
   c - Spider Form                    Transmutation/Poison         3
   d - Ice Form                       Ice/Transmutation            4
   e - Blade Hands                    Transmutation                5
Comestibles
 c - a bread ration


   Skills:
 + Level 4.6 Fighting
 * Level 8.4 Dodging
 * Level 11.8 Unarmed Combat
 + Level 7.9 Spellcasting
 * Level 10.8 Transmutations
 - Level 0.8 Ice Magic
 - Level 1.0 Poison Magic


You had 13 spell levels left.
You knew the following spells:

 Your Spells              Type           Power        Failure   Level  Hunger
a - Beastly Appendage     Trmt           ####..       1%          1    None
b - Sticks to Snakes      Trmt           ####....     1%          2    None
c - Spider Form           Trmt/Pois      ###.......   4%          3    ##.....
d - Ice Form              Ice/Trmt       ###.....     14%         4    ####...


Dungeon Overview and Level Annotations

Branches:
Dungeon (1/1)

Altars:
Cheibriados
Dithmenos
Elyvilon
Fedhas
Gozag
Kikubaaqudgha
Makhleb
Nemelex Xobeh
Okawaru
Pakellas
Qazlal
Ru
Sif Muna
Trog
Vehumet
Xom
Yredelemnul
Zin
The Shining One
Jiyva

Shops:
D }[


Innate Abilities, Weirdness & Mutations

((You can spit globs of burning liquid.))
((You can ignite nearby creatures when you spit burning liquid.))
((Your weird mottled scales are hard (AC +7).))
Your body does not fit into most forms of armour.
((You are cold-blooded and may be slowed by cold attacks.))


Message History

A red film seems to cover your vision as you go berserk!
You feel yourself moving faster!
You feel mighty! The demonic crawler barely misses you.
The demonic crawler closely misses you. The demonic crawler hits you.
* * * LOW HITPOINT WARNING * * *
The demonic crawler hits you but does no damage.
The demonic crawler completely misses you.
The demonic crawler misses you. x2; The demonic crawler hits you.
* * * LOW HITPOINT WARNING * * *
The demonic crawler closely misses you.
You hit the demonic crawler. You freeze the demonic crawler.
The demonic crawler is severely wounded.
The demonic crawler hits you!
* * * LOW HITPOINT WARNING * * *
The demonic crawler hits you.
* * * LOW HITPOINT WARNING * * *
The demonic crawler misses you.
You are too berserk!
The demonic crawler closely misses you. The demonic crawler hits you.
You die...

###################
..#..'..#__#..')..#
..)..#..'^.'..#)Ys##+#
#'#####'#__####..sss.#
..#...#)#### #####..+
###..##.# ## __##'#..+
...'.(._#
._##_(#'##+###
__###(#)#.).[###
#####(####'###.##


You could see 4 demonic crawlers.

Vanquished Creatures
  A deep troll (D)
  2 kobold demonologists (D)
  A slime creature (D)
  A yak (D)
  A giant eyeball (D)
  A jelly (D)
  Ijyb (D)
8 creatures vanquished.

Vanquished Creatures (collateral kills)
  Sigmund (D)
  An ogre (D)
2 creatures vanquished.

Vanquished Creatures (others)
  Sonja (D)
  A gargoyle (D)
  A wasp (D)
3 creatures vanquished.

Grand Total: 13 creatures vanquished

Notes
Turn   | Place    | Note
--------------------------------------------------------------
     0 | D        | Hipnos the Draconian Transmuter began the quest for the Orb.
     0 | D        | Reached XP level 1. HP: 16/16 MP: 3/3
     3 | D        | Noticed Ijyb
    16 | D        | Killed Ijyb
    16 | D        | Reached skill level 5 in Unarmed Combat
    16 | D        | Reached XP level 2. HP: 11/23 MP: 3/5
   193 | D        | Learned a level 2 spell: Sticks to Snakes
   194 | D        | Noticed an ogre
   207 | D        | Killed an ogre
   207 | D        | Reached skill level 6 in Unarmed Combat
   207 | D        | Reached XP level 3. HP: 8/29 MP: 1/7
   455 | D        | Noticed Sigmund
   474 | D        | Killed Sigmund
   474 | D        | Reached skill level 8 in Unarmed Combat
   474 | D        | Reached skill level 5 in Transmutations
   474 | D        | Reached XP level 4. HP: 19/36 MP: 4/9
   474 | D        | Reached XP level 5. HP: 21/41 MP: 4/10
   639 | D        | Found a deep blue altar of Sif Muna.
   645 | D        | Learned a level 3 spell: Spider Form
   648 | D        | Found a radiant altar of Vehumet.
   660 | D        | Found Cepheono's Gadget Emporium.
   660 | D        | Found a white marble altar of Elyvilon.
   660 | D        | Found a stormy altar of Qazlal.
   660 | D        | Found a burning altar of Makhleb.
   660 | D        | Found a sacrificial altar of Ru.
   660 | D        | Found an oddly glowing altar of Pakellas.
   660 | D        | Found a basalt altar of Yredelemnul.
   660 | D        | Found a glowing golden altar of the Shining One.
   660 | D        | Found a sparkling altar of Nemelex Xobeh.
   660 | D        | Found a shimmering altar of Xom.
   660 | D        | Found an opulent altar of Gozag.
   660 | D        | Found an ancient bone altar of Kikubaaqudgha.
   660 | D        | Found a glowing silver altar of Zin.
   660 | D        | Noticed a yak
   664 | D        | Killed a yak
   664 | D        | Reached skill level 9 in Unarmed Combat
   664 | D        | Reached skill level 5 in Spellcasting
   664 | D        | Reached XP level 6. HP: 42/50 MP: 9/13
   666 | D        | Found an iron altar of Okawaru.
   680 | D        | Found a bloodstained altar of Trog.
   723 | D        | Learned a level 4 spell: Ice Form
   724 | D        | Noticed Sonja
   755 | D        | Killed Sonja
   755 | D        | Reached skill level 10 in Unarmed Combat
   755 | D        | Reached skill level 1 in Poison Magic
   755 | D        | Your scales start taking on a weird mottled colour.
   755 | D        | Reached XP level 7. HP: 22/57 MP: 13/16
   958 | D        | Became a worshipper of Sif Muna the Loreminder
   965 | D        | Found a snail-covered altar of Cheibriados.
   965 | D        | Found a viscous altar of Jiyva.
   965 | D        | Found a shadowy altar of Dithmenos.
   965 | D        | Found a blossoming altar of Fedhas.
   965 | D        | Noticed a slime creature
   970 | D        | Killed a slime creature
   983 | D        | Noticed a kobold demonologist
   984 | D        | Noticed a kobold demonologist
   986 | D        | Reached XP level 8. HP: 66/66 MP: 15/18
   990 | D        | Noticed a hellwing
   990 | D        | Killed a kobold demonologist
   990 | D        | Reached * piety under Sif Muna
   990 | D        | Reached skill level 11 in Unarmed Combat
   993 | D        | Noticed an orange demon
   993 | D        | Killed a kobold demonologist
   993 | D        | Reached skill level 10 in Transmutations
  1035 | D        | Noticed a deep troll
  1040 | D        | Killed a deep troll
  1040 | D        | Reached ** piety under Sif Muna
  1040 | D        | Reached XP level 9. HP: 41/72 MP: 16/20
  1052 | D        | Found Xaadauk's Armour Emporium.
  1059 | D        | Bought the cursed +0 pair of boots "Hoaw" {Int+3 Dex+2} for 209 gold pieces
  1173 | D        | Killed a gargoyle
  1266 | D        | Noticed a demonic crawler
  1266 | D        | Noticed a demonic crawler
  1266 | D        | Noticed a demonic crawler
  1266 | D        | Noticed a demonic crawler
  1275 | D        | HP: 5/129 [demonic crawler (9)]
  1276 | D        | Slain by a demonic crawler

Skill      XL: |  1  2  3  4  5  6  7  8 |
---------------+-------------------------+-----
Dodging        | 2 3 4 6 8 |  8.4
Unarmed Combat | 5 6 8 9 10 11 | 11.8
Transmutations | 3 5 6 8 9 10 | 10.8
Fighting       | 2 3 4 |  4.6
Spellcasting   | 3 5 6 7 |  7.9
Poison Magic   | 1 |  1.0
Ice Magic      | |  0.8

Action                   |  1- 3 |  4- 6 |  7- 9 || total
-------------------------+-------+-------+-------++-------
Melee: Unarmed           |    14 |    20 |    24 ||    58
       Headbutt          |     2 |       |       ||     2
       Tailslap          |     1 |       |       ||     1
       Punch             |     1 |       |       ||     1
 Cast: Beastly Appendage |     3 |       |       ||     3
       Sticks to Snakes  |     6 |       |       ||     6
       Spider Form       |       |     1 |       ||     1
       Ice Form          |       |     1 |     3 ||     4
  Use: Potion            |     3 |       |     1 ||     4
       Scroll            |     1 |       |       ||     1
  Eat: Bread ration      |       |       |     1 ||     1
Armor: Skin              |     4 |     9 |    10 ||    23
Dodge: Dodged            |     7 |    27 |    37 ||    71
